 Dungeon Crawl Stone Soup version 0.32-a0-450-g080537f31e (webtiles) character file.

Game seed: 16597608977456560112

3557 anacleto the Thaumaturge (level 9, -14/45 HPs)
             Began as a Deep Elf Earth Elementalist on Feb 23, 2024.
             Was a Follower of Sif Muna.
             Killed from afar by Maggie (27 damage)
             ... with a bolt of fire
             ... on level 7 of the Dungeon on Feb 24, 2024.
             The game lasted 00:38:22 (8759 turns).

anacleto the Thaumaturge (DEEE)                     Turns: 8759, Time: 00:38:23

Health: -14/45     AC:  8    Str:  5    XL:     9   Next: 83%
Magic:  14/24      EV: 13    Int: 25    God:    Sif Muna [*.....]
Gold:   254        SH:  0    Dex: 15    Spells: 10/27 levels left

rFire   . . .        a - staff of earth
rCold   . . .        (no shield)
rNeg    . . .        h - +2 steam dragon scales
rPois   .            (no helmet)
rElec   .            d - +0 cloak
rCorr   .            (no gloves)
SInv    .            (no boots)
Will    .....        (no amulet)
Stlth   +++          (no ring)
HPRegen 0.27/turn    (no ring)
MPRegen 0.19/turn

%: no passive effects
@: mesmerised
A: no striking features
a: Renounce Religion, Channel Magic


You were on level 7 of the Dungeon.
You worshipped Sif Muna.
Sif Muna was aware of your devotion.
You visited 2 branches of the dungeon, and saw 8 of its levels.

You collected 377 gold pieces.
You spent 123 gold pieces at shops.

Inventory:

Hand Weapons
 v - a +2 flail of protection
Missiles
 c - 3 atropa-tipped darts (quivered)
 n - 3 throwing nets
Armour
 d - a +0 cloak (worn)
 h - +2 steam dragon scales (worn)
Magical Staves
 a - a staff of earth (weapon)
Jewellery
 u - a +6 ring of dexterity
Talismans
 m - a granite talisman
Wands
 j - a wand of polymorph (4)
 q - a wand of flame (24)
Scrolls
 k - a scroll of vulnerability
 l - a scroll of poison
 o - 2 scrolls of amnesia
 r - 2 scrolls of immolation
 x - a scroll of identify
 y - a scroll of fog
Potions
 b - a potion of brilliance {unknown}
 e - a potion of attraction
 f - 4 potions of curing
 g - 2 potions of berserk rage {unknown}
 i - a potion of mutation {unknown}
 p - a potion of invisibility {unknown}
 s - 2 potions of heal wounds {unknown}
 t - a potion of resistance {unknown}
 w - 2 potions of haste {unknown}


   Skills:
 - Level 3.9 Dodging
 - Level 4.1 Stealth
 - Level 9.6 Spellcasting
 - Level 6.2 Conjurations
 - Level 2.0 Translocations
 - Level 4.0 Air Magic
 - Level 8.4 Earth Magic
 - Level 3.0 Alchemy
 + Level 1.7 Evocations
 + Level 4.5 Shapeshifting


You had 10 spell levels left.
You knew the following spells:

 Your Spells              Type           Power      Damage    Failure   Level
a - Sandblast             Erth           100%       2d20      1%          1
b - Stone Arrow           Conj/Erth      100%       3d13      1%          3
c - Blink                 Tloc           44%        N/A       3%          2
d - Swiftness             Air            32%        N/A       3%          3
e - Brom's Barrelling Bo  Conj/Erth      64%        2d8       2%          4
f - Petrify               Alch/Erth      57%        N/A       4%          4

Your spell library contained the following spells:

 Spells                   Type           Power      Damage    Failure   Level
 Magic Dart               Conj           100%       1d8       1%          1
 Shock                    Conj/Air       100%       1d9       1%          1
 Passwall                 Erth           69%        N/A       1%          3
 Gell's Gravitas          Tloc           22%        N/A       7%          3
 Teleport Other           Tloc           22%        N/A       7%          3
 Call Imp                 Summ           24%        N/A       8%          2
 Airstrike                Air            16%        2d(3-19)  10%         4
 Flame Wave               Conj/Fire      27%        2d9       14%         4
 Call Canine Familiar     Summ           12%        N/A       16%         3
 Inner Flame              Hex/Fire       12%        N/A       16%         3
 Sigil of Binding         Hex            12%        N/A       16%         3
 Sticky Flame             Fire/Alch      19%        2d6       26%         4
 Borgnjor's Vile Clutch   Necr/Erth      24%        N/A       26%         5
 Dimensional Bullseye     Hex/Tloc       8%         N/A       32%         4
 Alistair's Intoxication  Alch           18%        N/A       38%         5
 Eringya's Noxious Bog    Alch           13%        4d6       92%         6
 Dispersal                Tloc           11%        N/A       98%         6


Dungeon Overview and Level Annotations

Branches:
Dungeon (7/15)             Temple (1/1) D:6

Altars:
Ashenzari
Cheibriados
Dithmenos
Elyvilon
Fedhas
Gozag
Hepliaklqana
Kikubaaqudgha
Makhleb
Nemelex Xobeh
Okawaru
Qazlal
Ru
Sif Muna
Trog
Uskayaw
Vehumet
Wu Jian
Xom
Yredelemnul
Zin
The Shining One

Shops:
D:4 *

Annotations:
D:7 Maggie


Message History

You are mesmerised by Maggie!
Unknown command.
Casting: Stone Arrow (safe; 1% risk of failure)
Confirm with . or Enter, or press ? or * to list all spells.
Aiming: Brom's Barrelling Boulder (dangerous; 2% risk of failure)
Press: ? - help, Dir - move target, f/p - Maggie
Aim: Maggie, wielding a +2 halberd of flaming and wearing +0 steam dragon scales (moderately wounded, mesmerising, 100% to hit)
You feel a surge of power!
You send a boulder barrelling forward!
The boulder barrels into Maggie!
Maggie is heavily wounded.
Maggie is knocked back.
Maggie hits your boulder with a +2 halberd of flaming.
Maggie burns your boulder.
The boulder barrels into Maggie!
Maggie is heavily wounded.
Maggie is knocked back.
Casting: Brom's Barrelling Boulder (dangerous; 2% risk of failure)
Confirm with . or Enter, or press ? or * to list all spells.
Aiming: Stone Arrow (safe; 1% risk of failure)
Press: ? - help, Shift-Dir - straight line, f/p - Maggie
Aim: Maggie, wielding a +2 halberd of flaming and wearing +0 steam dragon scales (heavily wounded, mesmerising, ally target, 78% to hit)
You feel a surge of power!
Okay, then.
The boulder barrels into Maggie!
Maggie is severely wounded.
Maggie is knocked back.
The boulder barrels into Maggie!
Your boulder is destroyed!
Casting: Stone Arrow (safe; 1% risk of failure)
Confirm with . or Enter, or press ? or * to list all spells.
You can't see any susceptible monsters within range! (Use Z to cast anyway.) Maggie points at you and mumbles some strange words.
The bolt of fire misses you.
Maggie says, "Leave now, and tell all of Margery's mercy!"
Maggie casts a spell at you. The bolt of fire hits you!!
* * * LOW HITPOINT WARNING * * *
You feel better. Maggie gestures at you while chanting.
The bolt of fire hits you!!
Ouch! That really hurt!
You die...

#~........# #..
##.≈≈~≈≈~≈.####..# #.>
##≈~~~≈~~≈≈≈≈#....# ###
#~~≈≈~.@~≈≈≈≈≈..#.#### #
.≈≈≈≈~.=.≈≈#≈~.......# #
≈≈≈≈≈~[.~#≈≈≈~≈...##.# #
~≈≈~≈≈#~†~≈≈≈≈~~~####.###
##~~≈≈~~~$..~≈#≈~#~........
..≈≈~~≈~.@⌠~~~~~≈....#..##
#~~≈~≈~#...~~~~≈~~...#..##
##~~~~≈≈≈≈⌠~≈~#≈≈≈~......##
..≈~#≈≈≈~.~~#≈≈~~....##.##
#.†≈#≈~.#..~≈≈≈~.###.##.##
#≈≈≈≈[..≈≈≈#~...#.##...
#≈~~~≈~≈≈≈≈~.#..#.####. .#
##.~≈#≈≈~≈.#.##.#.## #. #.#
#..#≈~.~~.#........# #.


You could see Maggie (mesmerising).

Vanquished Creatures
  Grinder (D:4)
  2 steam dragons
  Menkaure (D:4)
  Edmund (D:6)
  5 water moccasins
  2 sky beasts
  An orc warrior (D:6)
  A black bear (D:6)
  3 ogres
  A phantom (D:6)
  7 scorpions
  Blork the orc (D:4)
  A gnoll sergeant (D:5)
  4 wights (D:7)
  Dowan (D:4)
  An electric eel (D:7)
  A vampire bat (D:6)
  2 bombardier beetles
  An orc priest (D:7)
  4 hounds
  4 sleepcaps
  3 iguanas
  3 orc wizards
  10 gnolls
  5 adders
  A shadow imp (D:7)
  A white imp (D:7)
  2 ufetubi (D:6)
  2 ribbon worms
  8 dart slugs
  19 orcs
  9 ball pythons
  2 bat skeletons (D:6)
  4 bat zombies (D:6)
  7 endoplasms
  5 giant cockroaches
  13 goblins
  7 hobgoblins
  2 jackals (D:3)
  7 kobolds
  2 quokkas
  7 bats
  5 rats
169 creatures vanquished.

Vanquished Creatures (collateral kills)
  2 boulders
2 creatures vanquished.

Vanquished Creatures (others)
  3 boulders
3 creatures vanquished.

Grand Total: 174 creatures vanquished

Notes
Turn   | Place    | Note
-------+----------+-------------------------------------------
     0 | D:1      | anacleto the Deep Elf Earth Elementalist began the quest
                  | for the Orb.
     0 | D:1      | Reached XP level 1. HP: 10/10 MP: 6/6
    35 | D:1      | Reached XP level 2. HP: 8/15 MP: 2/8
   583 | D:1      | Found a faded altar of an unknown god.
   585 | D:1      | Reached XP level 3. HP: 19/19 MP: 7/9
   876 | D:1      | Learned a level 3 spell: Stone Arrow
  1215 | D:2      | Learned a level 2 spell: Blink
  1289 | D:2      | Found an ornate altar of the Wu Jian Council.
  1614 | D:2      | Reached XP level 4. HP: 24/24 MP: 9/11
  2346 | D:3      | Learned a level 3 spell: Swiftness
  2366 | D:4      | Noticed Duvessa
  2366 | D:4      | Noticed Dowan
  2440 | D:4      | Duvessa changed into Duvessa the scorpion
  2440 | D:4      | Noticed Duvessa
  2526 | D:4      | Noticed a scorpion
  2530 | D:4      | Killed a scorpion
  2531 | D:4      | Reached skill level 1 in Translocations
  2531 | D:4      | Reached XP level 5. HP: 28/28 MP: 7/12
  2613 | D:4      | Noticed Blork the orc
  2628 | D:4      | Killed Blork the orc
  2629 | D:4      | Reached skill level 4 in Spellcasting
  2629 | D:4      | Reached skill level 1 in Air Magic
  2643 | D:4      | Killed Duvessa the scorpion
  2644 | D:4      | Reached XP level 6. HP: 27/32 MP: 4/14
  2656 | D:4      | Killed Dowan
  2856 | D:4      | Found a hide-covered altar of Uskayaw.
  3047 | D:3      | Learned a level 4 spell: Brom's Barrelling Boulder
  3278 | D:4      | Found a broken altar of Ashenzari.
  3391 | D:4      | Found an opulent altar of Gozag.
  3417 | D:4      | Found a snail-covered altar of Cheibriados.
  3614 | D:4      | Noticed Grinder
  3617 | D:4      | Killed Grinder
  3618 | D:4      | Reached skill level 5 in Spellcasting
  3618 | D:4      | Reached skill level 5 in Earth Magic
  3618 | D:4      | Reached XP level 7. HP: 36/36 MP: 5/16
  3954 | D:4      | Found Mipn's General Store.
  3961 | D:4      | Bought a scroll of identify for 26 gold pieces
  4002 | D:4      | Noticed Menkaure
  4008 | D:4      | Killed Menkaure
  4135 | D:5      | Entered Level 5 of the Dungeon
  4140 | D:5      | Reached skill level 5 in Conjurations
  4332 | D:5      | Reached XP level 8. HP: 41/41 MP: 14/18
  4800 | D:5      | Reached skill level 6 in Spellcasting
  4940 | D:5      | Learned a level 4 spell: Petrify
  5240 | D:5      | Reached skill level 1 in Alchemy
  5524 | D:6      | Found a stormy altar of Qazlal.
  5557 | D:6      | Reached skill level 7 in Spellcasting
  5724 | D:4      | Bought a scroll of enchant armour for 97 gold pieces
  5882 | D:6      | Noticed Edmund
  6175 | D:6      | Found a hazy altar of Hepliaklqana.
  6185 | D:6      | Found a radiant altar of Vehumet.
  6215 | D:6      | Reached XP level 9. HP: 45/45 MP: 18/22
  6633 | D:6      | Found a staircase to the Ecumenical Temple.
  6642 | Temple   | Entered the Ecumenical Temple
  6670 | Temple   | Became a worshipper of Sif Muna the Loreminder
  7040 | D:6      | Killed Edmund
  7041 | D:6      | Reached skill level 8 in Spellcasting
  7238 | D:6      | Reached skill level 1 in Shapeshifting
  7260 | D:6      | Found an ancient bone altar of Kikubaaqudgha.
  7621 | D:7      | Reached skill level 9 in Spellcasting
  8355 | D:7      | Reached * piety under Sif Muna
  8521 | D:7      | Reached skill level 1 in Evocations
  8729 | D:7      | Noticed Maggie
  8759 | D:7      | Killed from afar by Maggie

Illustrated notes

Levels and vault maps discovered:
D:1:      nicolae_arrival_somewhat_less_tricky_arrival, layout_loops_ring,
          shapermc_ecumenical_altar_pompeii, st_stairs_6
D:2:      layout_basic, basic_altar, supply_closet_lemuel
D:3:      layout_basic
D:4:      layout_gridville, chei_slow_surprise, mainiacjoe_overflow_big_doors,
          mainiacjoe_overflow_small_starburst, serial_shops,
          nicolae_shop_hallway_plus, uniq_blork_the_orc, uniq_grinder,
          uniq_duvessa, uniq_menkaure
D:5:      layout_basic
D:6:      layout_basic, nicolae_qazlal_beasts_of_the_sky,
          mainiacjoe_overflow_catch_the_wave, kennysheep_vampire_church,
          minmay_temple_entry_tees, uniq_edmund
D:7:      kennysheep_slugbush, layout_loops_cross, serial_rivers,
          chequers_serial_rivers_micro_d, chequers_serial_rivers_room_b,
          chequers_serial_rivers_small_3, chequers_serial_rivers_micro_b,
          chequers_serial_rivers_room_b, uniq_maggie
Temple:   nicolae_temple_great_sept

Skill      XL: |  1  2  3  4  5  6  7  8  9 |
---------------+----------------------------+-----
Stealth        | 3 4 |  4.1
Conjurations   | 2 3 4 5 6 |  6.2
Dodging        | 3 |  3.9
Translocations | 1 2 |  2.0
Earth Magic    | 4 5 6 8 |  8.4
Spellcasting   | 4 5 7 9 |  9.6
Air Magic      | 1 4 |  4.0
Alchemy        | 3 |  3.0
Shapeshifting  | 4 |  4.5
Evocations     | 1 |  1.7

Action                     |  1- 3 |  4- 6 |  7- 9 || total
---------------------------+-------+-------+-------++-------
  Melee: Unarmed           |       |       |     8 ||     8
         Flail             |       |       |     5 ||     5
  Throw: Dart              |       |     5 |     4 ||     9
   Cast: Sandblast         |    58 |    49 |   102 ||   209
         Stone Arrow       |       |    14 |    63 ||    77
         Petrify           |       |       |     9 ||     9
         Brom's Barrelling |       |       |     7 ||     7
         Swiftness         |       |       |     3 ||     3
  Evoke: Wand              |       |     2 |     6 ||     8
    Use: Potion            |       |     1 |     1 ||     2
         Scroll            |       |       |    11 ||    11
   Stab: Petrified         |       |       |     4 ||     4
 Armour: Robe              |     6 |    16 |    38 ||    60
         Steam dragon scal |       |       |    39 ||    39
  Dodge: Dodged            |     8 |    23 |    67 ||    98

Table legend: (Time is in decaauts)
 A = Elapsed time spent in this place.
 B = Non-inter-level travel time spent in this place.
 C = Inter-level travel time spent in this place.
 D = Time resting spent in this place.
 E = Time spent auto-exploring this place.
 F = Levels seen in this place.
 G = Mean time per level.
                   A        B        C        D        E       F      G
               +--------+--------+--------+--------+--------+-----+--------+
         Total |   8878 |   8447 |    431 |   2381 |   4323 |   8 | 1109.8 |
       Dungeon |   8839 |   8418 |    421 |   2381 |   4323 |   7 | 1262.7 |
        Temple |     38 |     28 |     10 |      0 |      0 |   1 |   38.0 |
               +--------+--------+--------+--------+--------+-----+--------+

Top non-repeatable levels by time:
     D:6: 1940 daAuts
     D:4: 1788 daAuts
     D:5: 1255 daAuts
     D:1: 1123 daAuts
     D:7: 1111 daAuts
     D:2: 901 daAuts
     D:3: 718 daAuts
  Temple: 38 daAuts
